 Dungeon Crawl Stone Soup version 0.21.1-1-g345015f (webtiles) character file.

2293 raistware the Reanimator (level 9, -7/57 HPs)
             Began as a Mummy Necromancer on Mar 30, 2018.
             Was a Follower of Sif Muna.
             Killed from afar by an orc warrior (22 damage)
             ... with a wand of acid (7)
             ... on level 8 of the Dungeon.
             The game lasted 00:54:52 (10872 turns).

raistware the Reanimator (Mummy Necromancer)       Turns: 10872, Time: 00:54:52

Health: -7/57      AC:  4    Str: 11    XL:     9   Next: 17%
Magic:  17/22      EV: 11    Int: 23    God:    Sif Muna [*.....]
Gold:   422        SH:  0    Dex: 12    Spells: 25/26 levels left

rFire    x . .     SeeInvis .   w - +2 dagger (elec)
rCold    + . .     Gourm    .   (no shield)
rNeg     + + +     Faith    .   m - +1 leather armour
rPois    ∞         Spirit   .   (no helmet)
rElec    .         Reflect  .   (no cloak)
rCorr    .         Harm     .   (no gloves)
MR       +....                  (no boots)
Stlth    +.........             (no amulet)
HPRegen  0.19/turn              (no ring)
MPRegen  0.18/turn              c - +5 ring of intelligence

@: no status effects
A: no food or potions, fire vulnerability, cold resistance 1, negative energy
resistance 3, torment resistance, unbreathing
a: Divine Energy, Renounce Religion


You were on level 8 of the Dungeon.
You worshipped Sif Muna.
Sif Muna was aware of your devotion.
You were not hungry.

You visited 2 branches of the dungeon, and saw 9 of its levels.
You also visited: Sewer.

You collected 422 gold pieces.

Inventory:

Hand Weapons
 i - a +0 whip
 j - a +0 flail
 u - a +0 blowgun
 w - a +2 dagger of electrocution (weapon)
 B - the +2 hunting sling "Oppe" {flame, +Inv Dex+2}
   (You took it off a gnoll on level 7 of the Dungeon)

   It causes projectiles fired from it to burn those they strike, causing extra
   injury to most foes and up to half again as much damage against particularly
   susceptible opponents.
   It affects your dexterity (+2).
   It lets you turn invisible.
Missiles
 p - 7 tomahawks
 r - a throwing net
 v - 28 poisoned needles
 D - 62 stones (quivered)
Armour
 m - a +1 leather armour (worn)
 E - a +0 buckler
Magical Staves
 g - an uncursed staff of poison
 t - an uncursed staff of energy
Jewellery
 c - a +5 ring of intelligence (right hand)
 x - an uncursed amulet of regeneration {unknown}
Wands
 l - a wand of polymorph (25)
 o - a wand of iceblast (1)
 z - a wand of digging (7)
 A - a wand of flame (19)
 C - a wand of paralysis (9)
Scrolls
 a - a scroll of blinking {unknown}
 d - 2 scrolls of immolation {unknown}
 e - 2 scrolls of teleportation
 f - 5 scrolls of identify
 h - 3 scrolls of magic mapping
 k - 2 scrolls of enchant weapon
 n - 5 scrolls of remove curse
 q - 3 scrolls of enchant armour
 s - a scroll of amnesia
 y - 2 scrolls of vulnerability {unknown}
Books
 b - a book of Necromancy

   Spells                             Type                      Level
   a - Pain                           Necromancy                   1
   b - Animate Skeleton               Necromancy                   1
   c - Vampiric Draining              Necromancy                   3
   d - Regeneration                   Charms/Necromancy            3
   e - Animate Dead                   Necromancy                   4
   f - Borgnjor's Vile Clutch         Necromancy/Earth             5


   Skills:
 + Level 0.6 Maces & Flails
 - Level 1.5 Dodging
 - Level 1.5 Stealth
 + Level 9.2 Spellcasting
 * Level 10.5 Necromancy


You had 25 spell levels left.
You knew the following spells:

 Your Spells              Type           Power        Failure   Level  Hunger
a - Pain                  Necr           ####         1%          1    N/A

Dungeon Overview and Level Annotations

Branches:
Dungeon (8/15)             Temple (1/1) D:6
   Lair: D:8-11

Altars:
Ashenzari
Cheibriados
Dithmenos
Elyvilon
Gozag
Hepliaklqana
Kikubaaqudgha
Nemelex Xobeh
Okawaru
Qazlal
Sif Muna
Trog
Uskayaw
Vehumet
Wu Jian
Xom
Yredelemnul
Zin
The Shining One


Innate Abilities, Weirdness & Mutations

You do not eat or drink.
Your flesh is vulnerable to fire.
You are immune to poison.
Your flesh is cold resistant. (rC+)
You are immune to negative energy. (rN+++)
You are immune to unholy pain and torment.
You can survive without breathing.


Message History

Sif Muna accepts your kill.
The orc warrior zaps a wand.
The bolt of acid hits the orc.
The orc is splashed with acid.
The acid corrodes the orc!
The orc dies!
The bolt of acid hits you!
You are splashed with acid!
The acid burns!
* * * LOW HITPOINT WARNING * * *
Casting: Pain
Confirm with . or Enter, or press ? or * to list all spells.
Aiming: Pain
Press: ? - help, Shift-Dir - straight line, f/p - orc warrior
Aim: an orc warrior, wielding a battleaxe, wearing a chain mail and carrying a wand of acid (7) (chance to defeat MR: 84%)
The orc warrior writhes in agony!
Casting: Pain
Confirm with . or Enter, or press ? or * to list all spells.
Aiming: Pain
Press: ? - help, Shift-Dir - straight line, f/p - orc warrior
Aim: an orc warrior, wielding a battleaxe, wearing a chain mail and carrying a wand of acid (7) (moderately wounded, chance to defeat MR: 84%)
The orc warrior writhes in agony!
The orc warrior zaps a wand.
The bolt of acid hits you!
You die...

#.# #.#............ #.#
#............# .#
#>######..##....##..# .#
..........###.#.#...###.#
..#######........#
....#####. ..# #.......##
#.#....... >.# #..###..#
#........> ..# #..# ##.##
##†........ ..## #..#
#.@###.#.#..### ...# #..#
#.#o5)##h# # ...# #..#
#.##%###.# ...# #..#
#.##o# #h# .### #...
.....# #.# .# #.##.. ...
.# #..... .o. .# ##
###oo.. .# .


You could see an orc warrior, a shadow imp and an orc.

Vanquished Creatures
  A water moccasin (D:2)
  An orc warrior (D:8)
  A sky beast (D:6)
  3 ogres
  A centaur (D:6)
  2 bullfrogs
  A scorpion (D:4)
  A water moccasin skeleton (D:6)
  3 wights (D:7)
  2 howler monkeys
  3 crimson imps
  3 jellies (D:7)
  A hound (D:3)
  A gnoll shaman (D:7)
  4 orc priests
  Natasha (thrice) (D:3)
  Terence (D:2)
  5 orc wizards
  9 worker ants
  A hound zombie (D:7)
  A worker ant zombie (D:8)
  A howler monkey zombie (D:6)
  7 gnolls
  A river rat (D:6)
  10 adders
  2 shadow imps
  2 oozes
  An adder skeleton (D:6)
  2 worms
  5 dart slugs
  5 leopard geckos
  16 orcs
  6 bats
  6 giant cockroaches
  11 goblins
  8 hobgoblins
  25 jackals
  4 quokkas
  8 ball pythons
  8 frilled lizards
  13 kobolds
  A quokka skeleton (D:5)
  14 rats
  A plant (Sewer)
205 creatures vanquished.

Vanquished Creatures (others)
  An orc (D:8)
1 creature vanquished.

Grand Total: 206 creatures vanquished

Notes
Turn   | Place    | Note
-------+----------+-------------------------------------------
     0 | D:1      | raistware the Mummy Necromancer began the quest for the Orb.
     0 | D:1      | Reached XP level 1. HP: 13/13 MP: 4/4
   194 | D:1      | Reached XP level 2. HP: 19/19 MP: 3/5
   910 | D:1      | Reached XP level 3. HP: 24/24 MP: 4/7
  1094 | D:1      | You fall through a shaft!
  1453 | D:2      | Noticed Terence
  1458 | D:2      | Killed Terence
  1458 | D:2      | Reached skill level 5 in Necromancy
  1505 | D:2      | Reached XP level 4. HP: 30/30 MP: 2/9
  1565 | D:2      | Found a glowing golden altar of the Shining One.
  2042 | D:2      | Noticed a water moccasin
  2420 | D:2      | Reached XP level 5. HP: 32/35 MP: 2/11
  2720 | D:2      | Killed a water moccasin
  2720 | D:2      | Reached skill level 6 in Necromancy
  3186 | D:3      | Reached XP level 6. HP: 39/41 MP: 9/13
  3208 | D:3      | Found a shadowy altar of Dithmenos.
  3333 | D:3      | Noticed Natasha
  3339 | D:3      | Killed Natasha
  3339 | D:3      | Reached skill level 5 in Spellcasting
  3556 | D:3      | Noticed Natasha
  3562 | D:3      | Killed Natasha
  3737 | D:3      | Noticed Natasha
  3739 | D:3      | Killed Natasha
  3890 | D:3      | Reached skill level 7 in Necromancy
  4603 | D:4      | Reached XP level 7. HP: 46/46 MP: 11/15
  4920 | D:4      | Found a bloodstained altar of Trog.
  4999 | D:5      | Entered Level 5 of the Dungeon
  5670 | D:5      | Reached skill level 8 in Necromancy
  5823 | D:6      | Found a snail-covered altar of Cheibriados.
  5843 | D:6      | Found a glowing drain.
  5932 | Sewer    | Entered a sewer
  7079 | D:6      | Reached XP level 8. HP: 36/52 MP: 9/18
  7920 | D:6      | Found a staircase to the Ecumenical Temple.
  7931 | Temple   | Entered the Ecumenical Temple
  8120 | Temple   | Became a worshipper of Sif Muna the Loreminder
  8331 | D:6      | Reached skill level 9 in Necromancy
  9163 | D:7      | Reached * piety under Sif Muna
  9564 | D:7      | Got a steaming hunting sling
  9606 | D:7      | Identified the +2 hunting sling "Oppe" {flame, +Inv Dex+2} (You took it off a gnoll on level 7 of the Dungeon)
  9880 | D:7      | Reached skill level 10 in Necromancy
  9923 | D:7      | Found a shimmering altar of Xom.
  9924 | D:7      | Found a hazy altar of Hepliaklqana.
  9925 | D:7      | Noticed a spectral ugly thing
  9990 | D:7      | Found a white marble altar of Elyvilon.
 10287 | D:8      | Noticed a two-headed ogre
 10316 | D:8      | Reached XP level 9. HP: 50/57 MP: 21/21
 10614 | D:8      | Noticed a two-headed ogre
 10872 | D:8      | Killed from afar by an orc warrior

Skill      XL: |  1  2  3  4  5  6  7  8  9 |
---------------+----------------------------+-----
Spellcasting   | 3 4 5 7 8 9 |  9.2
Necromancy     | 5 6 7 8 10 | 10.5
Maces & Flails | |  0.6
Dodging        | |  1.5
Stealth        | |  1.5

Action                   |  1- 3 |  4- 6 |  7- 9 || total
-------------------------+-------+-------+-------++-------
Melee: Whip              |     4 |       |    70 ||    74
       Dagger            |     2 |    23 |    90 ||   115
       Flail             |       |       |    66 ||    66
       Staff             |       |       |    13 ||    13
 Fire: Hunting sling     |       |       |     5 ||     5
Throw: Tomahawk          |       |       |     8 ||     8
       Throwing net      |       |       |     1 ||     1
 Cast: Pain              |    65 |   161 |   245 ||   471
Evoke: Wand              |       |       |     9 ||     9
       Staff of energy   |       |       |     1 ||     1
  Use: Scroll            |     3 |     7 |     6 ||    16
Armor: Robe              |       |    17 |       ||    17
       Leather armour    |       |       |    62 ||    62
Dodge: Dodged            |    10 |    96 |   156 ||   262
